Map: Nightshade LE

Players

JohnnyV - Winner!

  • Race: Terran Terran
  • League: Silver
  • Spawn Location: 11:00

Santiago

  • Race: Terran Terran
  • League: Silver
  • Spawn Location: 5:00

VOD

Have the link to the VOD?

Description

Time

  • Played on: May 22, 2020, 9:46 a.m.
  • Length: 11:07
Show
View Real Time Build Order
Export as new Build Order

JohnnyV Terran - Winner!

Build Orders:  

Get SALT Encoding   

  12  0:01  SCV  
  13  0:17  SCV  
  13  0:18  Supply Depot  
  14  0:26  Refinery  
  14  0:29  SCV  
  15  0:41  Barracks  
  15  0:48  SCV  
  16  1:00  SCV  
  17  1:07  Refinery  
  17  1:12  SCV  
  18  1:24  SCV  
  19  1:30  Supply Depot  
  19  1:31  Reaper  
  20  1:36  SCV  
  21  1:46  Factory  
  21  1:48  SCV  
  22  2:00  SCV  
  23  2:02  Supply Depot  
  23  2:11  Barracks Reactor  
  23  2:12  Bunker  
  23  2:17  Orbital Command  
  23  2:31  Widow Mine  
  25  2:45  SCV  
  25  2:48  Marine x2  
  28  2:54  Engineering Bay  
  28  3:04  Widow Mine  
  29  3:05  Starport  
  29  3:08  Marine x2  
  31  3:18  Supply Depot  
  31  3:24  Terran Infantry Weapons Level 1  
  31  3:29  Marine  
  31  3:30  Marine  
  33  3:45  Medivac  
  33  3:47  Widow Mine  
  33  3:48  Marine x2  
  39  3:57  SCV  
  39  3:59  Supply Depot  
  40  4:08  Marine  
  40  4:09  Marine  
  42  4:13  Armory  
  42  4:15  Widow Mine  
  44  4:22  Liberator  
  47  4:33  Marine  
  47  4:34  Marine  
  49  4:47  Supply Depot  
  49  4:51  Command Center  
  49  4:53  Marine x2  
  49  4:55  Factory Tech Lab  
  51  5:17  Marine x2  
  51  5:18  Siege Tank  
  56  5:29  Starport Tech Lab  
  56  5:34  SCV  
  57  5:39  Supply Depot  
  46  6:19  Marine x2  
  46  6:20  Siege Tank  
  46  6:22  Medivac  
  53  6:26  Orbital Command  
  53  6:33  Terran Infantry Armor Level 1  
  53  6:37  Marine  
  54  6:41  Missile Turret  
  54  6:43  Barracks  
  54  6:45  Missile Turret  
  54  6:52  Medivac  
  56  7:02  Refinery  
  56  7:03  Refinery  
  56  7:04  SCV  
  56  7:05  SCV  
  56  7:07  Marine x2, Siege Tank  
  63  7:12  Terran Vehicle Weapons Level 1  
  63  7:21  SCV  
  63  7:22  SCV, Command Center  
  65  7:34  SCV  
  66  7:46  SCV, Raven  
  66  7:49  Siege Tank  
  66  7:50  Marine x2  
  74  7:52  Barracks Tech Lab  
  74  8:05  Sensor Tower  
  74  8:06  Supply Depot  
  74  8:07  Supply Depot  
  74  8:09  SCV  
  74  8:10  SCV  
  76  8:20  Combat Shield  
  76  8:22  Marauder  
  76  8:23  Marine x2  
  80  8:30  Supply Depot  
  80  8:35  Missile Turret  
  80  8:41  Missile Turret  
  80  8:54  Supply Depot  
  80  8:59  Raven  
  84  9:03  Marauder  
  84  9:04  Marine  
  85  9:11  Orbital Command  
  85  9:15  SCV  
  88  9:24  Marauder  
  88  9:29  Marine x2  
  90  9:34  Hellbat  
  92  9:46  Missile Turret x2  
  92  9:47  Marine  
  92  9:48  Missile Turret, Marine x2  
  95  9:54  Medivac  
  97  10:08  Marine x3  
  97  10:10  Siege Tank  
  103  10:25  Marine  
  103  10:26  Marine  
  93  10:45  Marine x2  
  93  10:46  Marine  
Show
View Real Time Build Order
Export as new Build Order

Santiago Terran 

Build Orders:  

Get SALT Encoding   

  12  0:01  SCV  
  13  0:13  SCV  
  14  0:17  Supply Depot  
  14  0:25  SCV  
  15  0:30  Refinery  
  15  0:39  SCV  
  16  0:50  Barracks  
  16  0:51  SCV  
  17  1:03  Barracks  
  17  1:08  Refinery  
  17  1:14  SCV  
  18  1:26  SCV  
  19  1:44  Reaper  
  20  1:54  Barracks Reactor  
  20  2:00  Supply Depot  
  20  2:07  Orbital Command  
  20  2:19  Barracks Tech Lab  
  20  2:27  Factory  
  20  2:36  Engineering Bay  
  20  2:42  Reaper  
  20  2:50  SCV  
  20  3:02  SCV  
  21  3:14  SCV  
  23  3:24  Marine x2  
  23  3:26  SCV, Marine  
  26  3:38  SCV  
  26  3:42  Marine x2  
  26  3:44  Marine  
  29  3:50  SCV  
  29  4:00  Marine x2  
  31  4:14  Supply Depot  
  31  4:26  Supply Depot  
  31  4:35  Marine  
  31  4:36  SCV  
  33  4:40  Missile Turret  
  33  4:43  Missile Turret, Hi-Sec Auto Tracking  
  33  4:48  SCV  
  33  4:51  Starport, Widow Mine  
  36  5:00  SCV  
  37  5:13  Widow Mine  
  39  5:17  Command Center  
  39  5:31  Starport Reactor  
  39  5:35  Factory Tech Lab  
  39  5:43  Marine  
  39  5:44  Marine x2  
  35  6:26  Siege Tank  
  35  6:31  Starport  
  38  6:36  Armory  
  38  6:40  SCV  
  38  6:46  Marine x2  
  41  6:47  Marine  
  41  6:51  Medivac  
  41  6:52  SCV  
  45  6:58  Siege Tank  
  45  7:00  Viking  
  50  7:04  SCV, Marine x2  
  50  7:08  SCV  
  54  7:17  SCV  
  54  7:20  Starport Tech Lab  
  55  7:24  Fusion Core  
  55  7:26  Terran Ship Weapons Level 1  
  55  7:29  SCV  
  56  7:30  Siege Tank  
  56  7:35  Viking  
  61  7:43  Orbital Command  
  61  7:48  Refinery  
  61  7:50  Refinery  
  61  7:56  SCV  
  62  8:07  Missile Turret  
  62  8:16  SCV  
  63  8:22  Supply Depot  
  63  8:28  SCV, Missile Turret  
  63  8:32  Viking  
  63  8:33  Viking  
  68  8:40  SCV  
  69  8:42  Viking  
  69  8:44  Siege Tank  
  69  8:45  Supply Depot  
  74  8:52  SCV  
  75  9:02  Viking  
  75  9:08  Supply Depot  
  77  9:25  Command Center  
  77  9:30  Supply Depot  
  77  10:04  Factory  
  77  10:13  Viking x3  
Tags
 
Matchup
TvT
Race
Terran
Spawn Locations
Cross Positions
Add a new tag
Caveats
  • Supply blocks, unpowered buildings, or Contaminate may cause inaccurate times.
  • Supply counts are checked every 10 seconds.